AoeStats
← fatihatac

Four Lakes

507561270Analyzed
1v1 RM · 12d ago on Sep 18, 2026· 63m 28s· 2 players
Game mode
Random Map
Map size
Tiny (2 player)
Population
200
Speed
Normal
Resources
Standard
Victory
Conquest
Starting age
Dark Age
Ending age
Imperial Age
RankedLock teamsTeams togetherTeam positionsShared explorationLock speedFull tech treeHidden civsTurbo modeCheats
Victory
Defeat
🇹🇷 Franks · Türkiye
663
+18
🇦🇷 Franks · Argentina
705
-18
fatihatac
12:36 Feudal Age
14:06 Double-Bit Axe
19:48 Forging
22:39 Castle Age
21:59 Scale Mail Armor
23:10 Stone Mining
23:11 Gold Mining
24:54 Crossbowman
25:48 Fishing Lines
28:39 Iron Casting
28:10 Scale Barding Armor
28:49 Pikeman
34:50 Wheelbarrow
38:20 Imperial Age
36:06 Hand Cart
37:12 Gold Shaft Mining
36:44 Husbandry
37:35 Squires
38:45 Cavalier
40:44 Blast Furnace
46:23 Paladin
51:06 Ballistics
50:33 Arrowslits
50:39 Guard Tower
51:00 Fortified Wall
53:33 Elite Throwing Axeman
57:03 Chemistry
56:10 Siphons
56:46 #83
58:17 Chain Barding Armor
58:13 Chain Mail Armor
57:59 Padded Archer Armor
57:49 Fletching
58:28 Chivalry
jai
10:44 Feudal Age
20:29 Castle Age
20:40 Light Cavalry
21:26 Pikeman
22:08 Squires
22:39 Double-Bit Axe
26:41 Husbandry
31:32 Wheelbarrow
34:10 Hand Cart
38:25 Imperial Age
36:16 Loom
36:49 Bow Saw
36:33 Gold Mining
37:06 Stone Mining
39:13 Scale Barding Armor
39:09 Padded Archer Armor
39:36 Cavalier
41:28 #83
45:32 Sanctity
45:00 Halberdier
48:42 Leather Archer Armor
48:48 Chain Barding Armor
50:53 Paladin
51:57 Town Watch
53:44 Block Printing
54:09 Theocracy
54:15 Town Patrol
55:44 Fervor
57:43 Plate Barding Armor
57:05 Fletching
59:28 Chemistry
60:31 Forging
60:17 Bodkin Arrow
60:13 Gambesons
62:27 Elite Throwing Axeman
Connection lost

Rejoining the realm…

Still unreachable

The connection could not be restored.

Session expired

The server has moved on; the page needs a fresh start.